[ AOE2 MATCH · #482694868 ]
Team RMMagyars vs Spanish
[ REPLAY ANALYSIS · EXTRACTED FROM THE RECORDED GAME ]
Feudal
—
Castle
—
Imperial
—
| APM avg | 36.4 |
| APM peak | 67 |
| eAPM avg | 17.1 |
| Villagers / military | 96 / 58 |
Focus
⚔️ 30.4% · 🌾 69.6%
Magyar Huszar ×54 · Trebuchet (Packed) ×4
Feudal
13:53
Castle
22:23
Imperial
44:02
| APM avg | 55.0 |
| APM peak | 95 |
| eAPM avg | 26.1 |
| Villagers / military | 94 / 95 |
Focus
⚔️ 28.8% · 🌾 71.2%
Rattan Archer ×62 · Fishing Ship ×37 · Battle Elephant ×28 · Unknown (2626) ×12 · Trebuchet (Packed) ×3 · Archer ×2
Feudal
14:32
Castle
21:23
Imperial
33:25
| APM avg | 30.9 |
| APM peak | 81 |
| eAPM avg | 16.4 |
| Villagers / military | 99 / 102 |
Focus
⚔️ 28.8% · 🌾 71.2%
Skirmisher ×70 · Archer ×15 · Fishing Ship ×12 · Rattan Archer ×10 · Trebuchet (Packed) ×5 · Mangonel ×2
Feudal
13:54
Castle
18:37
Imperial
40:28
| APM avg | 41.5 |
| APM peak | 72 |
| eAPM avg | 20.6 |
| Villagers / military | 120 / 93 |
Focus
⚔️ 22.0% · 🌾 78.0%
Spearman ×66 · Conquistador ×21 · Fishing Ship ×8 · Trebuchet (Packed) ×5 · Scout Cavalry ×1
Feudal
16:13
Castle
19:52
Imperial
40:55
| APM avg | 44.3 |
| APM peak | 80 |
| eAPM avg | 24.2 |
| Villagers / military | 145 / 86 |
Focus
⚔️ 17.7% · 🌾 82.3%
Archer ×49 · Teutonic Knight ×20 · Battering Ram ×14 · Fishing Ship ×2 · Trebuchet (Packed) ×2 · Mangonel ×1
Feudal
12:54
Castle
17:46
Imperial
34:49
| APM avg | 50.4 |
| APM peak | 88 |
| eAPM avg | 27.5 |
| Villagers / military | 158 / 78 |
Focus
⚔️ 32.1% · 🌾 67.9%
Ratha (Ranged) ×58 · Fishing Ship ×25 · Mangonel ×7 · Trebuchet (Packed) ×6 · Armored Elephant ×4 · Scout Cavalry ×3
Feudal
13:16
Castle
19:36
Imperial
40:27
| APM avg | 43.9 |
| APM peak | 104 |
| eAPM avg | 19.9 |
| Villagers / military | 85 / 83 |
Focus
⚔️ 33.1% · 🌾 66.9%
Conquistador ×59 · Skirmisher ×22 · Fishing Ship ×12 · Battering Ram ×2
Feudal
16:07
Castle
32:46
Imperial
—
| APM avg | 31.6 |
| APM peak | 82 |
| eAPM avg | 12.7 |
| Villagers / military | 69 / 39 |
Focus
⚔️ 26.8% · 🌾 73.2%
Samurai ×26 · Fishing Ship ×14 · Battering Ram ×9 · Transport Ship ×2 · Militia ×1 · Mangonel ×1
Match map
Initial resources + every placement click. Lines = walls · curves = elevation contours. ◆ gold · ⬟ stone · ● berries · ✦ relic · ◌ wall gap
Your base· Open — 4t gap
DSLG | PacoJaramilloH's base· Open — 6t gap
SMNT - KMUS's base· Open — 12t gap
DSLG | Maxteel97's base· Open — 3t gap
Claudio.aoe2's base· Open — 7t gap
Ux' Conquest's base· Open — 9t gap
SMNT - TavoAoe's base· Open — unwalled flank
DSLG | antuancesar6's base· Open — unwalled flank
Smoothed initial terrain · ◌ = detected wall gap · hover for details
Inputs per minute
— Valenp34 - - DSLG | PacoJaramilloH
Build order — Valenp34
First 150 of 248 actions detected
| 0:02 | Build | House |
| 0:04 | Build | House |
| 0:19 | Build | Town Center |
| 2:36 | Create | Villager (Male) |
| 2:36 | Create | Villager (Male) |
| 2:36 | Create | Villager (Male) |
| 2:36 | Create | Villager (Male) |
| 2:37 | Create | Villager (Male) |
| 3:38 | Create | Villager (Male) |
| 3:39 | Create | Villager (Male) |
| 4:10 | Create | Villager (Male) |
| 4:10 | Create | Villager (Male) |
| 4:25 | Create | Villager (Male) |
| 4:26 | Create | Villager (Male) |
| 5:24 | Create | Villager (Male) |
| 5:36 | Create | Villager (Male) |
| 5:36 | Create | Villager (Male) |
| 6:07 | Build | House |
| 6:13 | Create | Villager (Male) |
| 6:36 | Create | Villager (Male) |
| 7:00 | Create | Villager (Male) |
| 7:21 | Create | Villager (Male) |
| 7:28 | Build | Mill |
| 7:53 | Create | Villager (Male) |
| 8:13 | Create | Villager (Male) |
| 8:33 | Build | House |
| 8:53 | Create | Villager (Male) |
| 9:13 | Create | Villager (Male) |
| 9:33 | Create | Villager (Male) |
| 10:13 | Research | Loom |
| 10:43 | Create | Villager (Male) |
| 11:12 | Create | Villager (Male) |
| 11:18 | Build | Lumber Camp |
| 11:30 | Build | Mining Camp |
| 11:40 | Research | Feudal Age |
| 12:23 | Build | Farm |
| 12:56 | Build | House |
| 13:19 | Build | Palisade Wall |
| 13:21 | Build | Palisade Wall |
| 13:34 | Create | Villager (Male) |
| 13:35 | Create | Villager (Male) |
| 13:53 | Build | Blacksmith |
| 13:57 | Build | Market |
| 14:05 | Build | Farm |
| 14:58 | Build | Farm |
| 15:21 | Research | Castle Age |
| 15:21 | Research | Castle Age |
| 15:52 | Research | Double-Bit Axe |
| 15:53 | Research | Double-Bit Axe |
| 16:44 | Build | Mining Camp |
| 16:47 | Research | Scale Barding Armor |
| 17:17 | Create | Villager (Male) |
| 17:40 | Build | Farm |
| 17:44 | Build | Farm |
| 17:56 | Research | Horse Collar |
| 18:27 | Build | Castle |
| 18:29 | Create | Villager (Male) |
| 18:30 | Create | Villager (Male) |
| 18:32 | Build | Farm |
| 18:46 | Build | House |
| 19:19 | Build | Farm |
| 19:21 | Build | Farm |
| 19:37 | Create | Magyar Huszar |
| 19:37 | Create | Magyar Huszar |
| 19:53 | Create | Magyar Huszar |
| 19:57 | Build | Mining Camp |
| 20:12 | Create | Magyar Huszar |
| 20:41 | Build | Farm |
| 20:43 | Build | Farm |
| 20:47 | Create | Magyar Huszar |
| 21:14 | Create | Villager (Male) |
| 21:18 | Build | Farm |
| 21:21 | Build | Farm |
| 21:28 | Create | Magyar Huszar |
| 21:42 | Create | Villager (Male) |
| 22:02 | Create | Villager (Male) |
| 22:05 | Build | Farm |
| 22:07 | Build | Farm |
| 22:14 | Create | Magyar Huszar |
| 22:50 | Create | Villager (Male) |
| 22:52 | Create | Magyar Huszar |
| 22:57 | Build | Farm |
| 23:02 | Create | Magyar Huszar |
| 23:36 | Create | Magyar Huszar |
| 23:37 | Create | Magyar Huszar |
| 23:48 | Create | Villager (Male) |
| 23:51 | Create | Magyar Huszar |
| 24:13 | Create | Villager (Male) |
| 24:15 | Build | Barracks |
| 24:17 | Build | Farm |
| 24:35 | Create | Villager (Male) |
| 24:37 | Create | Magyar Huszar |
| 24:38 | Create | Magyar Huszar |
| 24:59 | Create | Villager (Male) |
| 25:02 | Create | Magyar Huszar |
| 25:26 | Create | Magyar Huszar |
| 25:26 | Create | Magyar Huszar |
| 25:33 | Create | Villager (Male) |
| 25:35 | Build | Farm |
| 25:35 | Build | Farm |
| 25:36 | Build | Farm |
| 25:36 | Build | Farm |
| 26:03 | Create | Villager (Male) |
| 26:06 | Build | Stable |
| 26:09 | Create | Villager (Male) |
| 26:19 | Build | Farm |
| 26:23 | Create | Magyar Huszar |
| 26:23 | Create | Magyar Huszar |
| 26:47 | Create | Magyar Huszar |
| 26:50 | Create | Villager (Male) |
| 26:53 | Build | House |
| 26:58 | Research | Bloodlines |
| 26:58 | Research | Bloodlines |
| 27:16 | Create | Villager (Male) |
| 27:38 | Build | Castle |
| 27:42 | Create | Villager (Male) |
| 27:51 | Build | Town Center |
| 27:58 | Build | House |
| 28:25 | Build | Farm |
| 28:43 | Create | Villager (Male) |
| 28:44 | Create | Villager (Male) |
| 28:48 | Create | Villager (Male) |
| 28:51 | Research | Wheelbarrow |
| 29:16 | Create | Villager (Male) |
| 29:20 | Create | Magyar Huszar |
| 29:20 | Create | Magyar Huszar |
| 29:48 | Create | Villager (Male) |
| 29:51 | Build | Farm |
| 29:53 | Build | Farm |
| 29:57 | Build | Farm |
| 30:02 | Create | Villager (Male) |
| 30:04 | Create | Magyar Huszar |
| 30:10 | Build | Castle |
| 30:13 | Create | Villager (Male) |
| 30:20 | Create | Villager (Male) |
| 30:21 | Create | Villager (Male) |
| 30:23 | Create | Magyar Huszar |
| 30:23 | Create | Magyar Huszar |
| 30:38 | Research | Husbandry |
| 30:38 | Research | Husbandry |
| 30:45 | Create | Magyar Huszar |
| 30:48 | Create | Magyar Huszar |
| 30:59 | Build | Farm |
| 31:18 | Build | Outpost |
| 31:19 | Build | Outpost |
| 31:20 | Create | Villager (Male) |
| 31:20 | Create | Villager (Male) |
| 31:23 | Build | House |
| 31:54 | Build | House |
| 31:55 | Create | Magyar Huszar |
Build order — DSLG | PacoJaramilloH
First 150 of 338 actions detected
| 0:11 | Build | Town Center |
| 1:27 | Build | House |
| 1:39 | Build | Dock |
| 2:35 | Create | Villager (Male) |
| 2:36 | Create | Villager (Male) |
| 2:36 | Create | Villager (Male) |
| 2:36 | Create | Villager (Male) |
| 2:36 | Create | Villager (Male) |
| 3:44 | Create | Fishing Ship |
| 4:20 | Research | Loom |
| 4:43 | Create | Villager (Male) |
| 4:43 | Create | Villager (Male) |
| 5:18 | Create | Villager (Male) |
| 5:24 | Create | Villager (Male) |
| 5:24 | Create | Villager (Male) |
| 5:29 | Create | Fishing Ship |
| 5:30 | Create | Fishing Ship |
| 5:39 | Build | House |
| 5:55 | Create | Villager (Male) |
| 6:03 | Build | House |
| 6:31 | Create | Villager (Male) |
| 6:43 | Create | Fishing Ship |
| 7:06 | Create | Villager (Male) |
| 7:28 | Create | Villager (Male) |
| 7:28 | Create | Villager (Male) |
| 7:36 | Create | Fishing Ship |
| 7:36 | Create | Fishing Ship |
| 7:53 | Create | Villager (Male) |
| 8:29 | Create | Villager (Male) |
| 8:37 | Create | Villager (Male) |
| 8:38 | Create | Fishing Ship |
| 9:04 | Build | Palisade Wall |
| 9:15 | Build | House |
| 9:18 | Build | House |
| 9:21 | Create | Villager (Male) |
| 9:25 | Create | Fishing Ship |
| 9:49 | Build | Palisade Wall |
| 9:50 | Build | Palisade Wall |
| 9:52 | Build | Palisade Wall |
| 10:24 | Create | Villager (Male) |
| 10:26 | Create | Fishing Ship |
| 10:41 | Build | Dock |
| 10:42 | Create | Villager (Male) |
| 10:53 | Build | Mill |
| 10:55 | Create | Villager (Male) |
| 11:21 | Create | Fishing Ship |
| 11:34 | Research | Feudal Age |
| 12:23 | Build | Barracks |
| 12:36 | Build | Mining Camp |
| 12:57 | Create | Fishing Ship |
| 13:11 | Create | Villager (Male) |
| 13:53 | Age | Feudal Age |
| 13:55 | Build | Archery Range |
| 14:03 | Create | Villager (Male) |
| 14:14 | Create | Fishing Ship |
| 14:19 | Build | House |
| 14:34 | Create | Archer |
| 14:37 | Create | Villager (Male) |
| 15:01 | Create | Villager (Male) |
| 15:04 | Create | Unit 2626 |
| 15:04 | Create | Unit 2626 |
| 15:04 | Create | Unit 2626 |
| 15:21 | Create | Villager (Male) |
| 15:25 | Build | Lumber Camp |
| 15:28 | Create | Archer |
| 15:34 | Build | House |
| 15:35 | Build | House |
| 15:46 | Research | Wheelbarrow |
| 16:01 | Create | Unit 2626 |
| 16:07 | Create | Villager (Male) |
| 16:08 | Create | Villager (Male) |
| 16:14 | Research | Town Watch |
| 16:36 | Build | House |
| 16:50 | Build | Mining Camp |
| 16:51 | Create | Villager (Male) |
| 16:57 | Build | House |
| 17:04 | Create | Unit 2626 |
| 17:04 | Create | Unit 2626 |
| 17:06 | Create | Villager (Male) |
| 17:08 | Research | Double-Bit Axe |
| 17:08 | Research | Double-Bit Axe |
| 17:10 | Create | Villager (Male) |
| 17:18 | Create | Unit 2626 |
| 17:18 | Create | Unit 2626 |
| 17:27 | Build | House |
| 17:41 | Build | House |
| 17:42 | Create | Villager (Male) |
| 18:12 | Build | Market |
| 18:21 | Build | House |
| 18:24 | Build | House |
| 18:28 | Create | Villager (Male) |
| 18:36 | Build | House |
| 18:44 | Create | Fishing Ship |
| 18:45 | Create | Fishing Ship |
| 18:51 | Create | Villager (Male) |
| 19:07 | Build | House |
| 19:08 | Build | Palisade Wall |
| 19:36 | Research | Castle Age |
| 19:36 | Research | Castle Age |
| 20:20 | Build | Dock |
| 20:37 | Create | Unit 2626 |
| 20:37 | Create | Unit 2626 |
| 20:37 | Create | Unit 2626 |
| 20:38 | Create | Unit 2626 |
| 20:44 | Create | Villager (Male) |
| 20:50 | Research | Gold Mining |
| 20:50 | Research | Gold Mining |
| 21:24 | Create | Fishing Ship |
| 22:23 | Age | Castle Age |
| 22:32 | Build | Castle |
| 22:46 | Create | Fishing Ship |
| 22:46 | Create | Fishing Ship |
| 22:46 | Create | Fishing Ship |
| 22:46 | Create | Fishing Ship |
| 22:47 | Create | Fishing Ship |
| 22:47 | Create | Fishing Ship |
| 23:00 | Create | Villager (Male) |
| 23:01 | Create | Villager (Male) |
| 23:01 | Create | Villager (Male) |
| 23:19 | Create | Rattan Archer |
| 23:19 | Create | Rattan Archer |
| 23:23 | Create | Villager (Male) |
| 23:23 | Create | Villager (Male) |
| 23:24 | Create | Villager (Male) |
| 23:52 | Create | Villager (Male) |
| 24:08 | Create | Rattan Archer |
| 24:08 | Create | Rattan Archer |
| 24:35 | Research | Town Watch |
| 24:41 | Create | Rattan Archer |
| 24:42 | Create | Rattan Archer |
| 24:42 | Create | Rattan Archer |
| 25:11 | Create | Rattan Archer |
| 25:12 | Create | Rattan Archer |
| 26:34 | Create | Villager (Male) |
| 26:34 | Create | Villager (Male) |
| 26:35 | Create | Villager (Male) |
| 26:35 | Create | Villager (Male) |
| 26:35 | Create | Villager (Male) |
| 26:36 | Create | Villager (Male) |
| 27:09 | Create | Rattan Archer |
| 27:09 | Create | Rattan Archer |
| 27:09 | Create | Rattan Archer |
| 27:09 | Create | Rattan Archer |
| 27:09 | Create | Rattan Archer |
| 27:52 | Create | Rattan Archer |
| 28:07 | Create | Rattan Archer |
| 28:07 | Create | Rattan Archer |
| 28:07 | Create | Rattan Archer |
| 28:08 | Create | Rattan Archer |
| 28:08 | Create | Rattan Archer |
Build order — SMNT - KMUS
First 150 of 315 actions detected
| 0:06 | Build | Town Center |
| 0:12 | Build | House |
| 1:18 | Build | Dock |
| 2:28 | Create | Villager (Male) |
| 2:28 | Create | Villager (Male) |
| 2:28 | Create | Villager (Male) |
| 2:28 | Create | Villager (Male) |
| 2:29 | Create | Villager (Male) |
| 3:33 | Create | Fishing Ship |
| 3:58 | Research | Loom |
| 3:59 | Create | Villager (Male) |
| 4:03 | Research | Loom |
| 4:08 | Build | House |
| 4:27 | Create | Fishing Ship |
| 5:23 | Create | Villager (Male) |
| 5:23 | Create | Villager (Male) |
| 5:30 | Create | Fishing Ship |
| 6:02 | Create | Fishing Ship |
| 6:13 | Build | House |
| 6:16 | Create | Villager (Male) |
| 6:42 | Create | Villager (Male) |
| 7:08 | Create | Fishing Ship |
| 7:16 | Create | Villager (Male) |
| 7:55 | Create | Villager (Male) |
| 7:55 | Create | Villager (Male) |
| 8:21 | Create | Villager (Male) |
| 8:22 | Create | Villager (Male) |
| 8:26 | Build | House |
| 8:28 | Build | Mill |
| 8:35 | Create | Villager (Male) |
| 8:49 | Build | Mill |
| 9:00 | Create | Fishing Ship |
| 9:03 | Create | Villager (Male) |
| 9:04 | Create | Villager (Male) |
| 9:33 | Create | Villager (Male) |
| 9:33 | Create | Villager (Male) |
| 10:15 | Create | Villager (Male) |
| 10:20 | Build | House |
| 10:39 | Create | Villager (Male) |
| 10:39 | Create | Villager (Male) |
| 10:44 | Build | House |
| 10:58 | Create | Fishing Ship |
| 11:21 | Build | Lumber Camp |
| 11:23 | Create | Villager (Male) |
| 11:44 | Create | Fishing Ship |
| 12:15 | Build | Mining Camp |
| 12:22 | Research | Feudal Age |
| 12:53 | Build | House |
| 13:10 | Build | Barracks |
| 13:26 | Create | Villager (Male) |
| 13:27 | Create | Villager (Male) |
| 14:06 | Create | Villager (Male) |
| 14:11 | Build | House |
| 14:18 | Build | Outpost |
| 14:32 | Age | Feudal Age |
| 14:39 | Build | Archery Range |
| 14:44 | Create | Villager (Male) |
| 14:46 | Research | Double-Bit Axe |
| 15:16 | Build | Blacksmith |
| 15:22 | Create | Archer |
| 15:22 | Create | Archer |
| 15:24 | Create | Villager (Male) |
| 15:40 | Research | Town Watch |
| 15:41 | Create | Villager (Male) |
| 15:41 | Create | Villager (Male) |
| 15:46 | Create | Archer |
| 16:04 | Build | Archery Range |
| 16:08 | Create | Villager (Male) |
| 16:14 | Research | Wheelbarrow |
| 16:21 | Research | Fletching |
| 16:32 | Build | House |
| 16:54 | Create | Villager (Male) |
| 17:08 | Create | Archer |
| 17:08 | Create | Archer |
| 17:32 | Create | Villager (Male) |
| 17:36 | Build | Market |
| 18:18 | Create | Villager (Male) |
| 18:31 | Research | Castle Age |
| 18:50 | Build | House |
| 18:52 | Build | House |
| 19:32 | Create | Villager (Male) |
| 19:37 | Build | Mining Camp |
| 19:48 | Create | Archer |
| 19:48 | Create | Archer |
| 19:48 | Create | Archer |
| 20:09 | Research | Padded Archer Armor |
| 20:15 | Create | Archer |
| 20:43 | Create | Skirmisher |
| 20:43 | Create | Skirmisher |
| 20:50 | Create | Villager (Male) |
| 20:50 | Create | Villager (Male) |
| 21:23 | Age | Castle Age |
| 21:27 | Research | Bodkin Arrow |
| 22:04 | Build | Dock |
| 22:12 | Create | Villager (Male) |
| 22:12 | Create | Villager (Male) |
| 22:17 | Create | Villager (Male) |
| 22:26 | Build | Farm |
| 22:26 | Build | Farm |
| 22:26 | Build | Farm |
| 22:26 | Build | Farm |
| 22:27 | Build | Farm |
| 22:32 | Research | Tech 906 |
| 22:43 | Create | Fishing Ship |
| 22:43 | Create | Fishing Ship |
| 23:10 | Build | House |
| 23:12 | Build | House |
| 23:16 | Research | Crossbowman (upgrade) |
| 23:23 | Research | Elite Skirmisher (upgrade) |
| 23:30 | Create | Villager (Male) |
| 23:43 | Build | House |
| 24:07 | Create | Villager (Male) |
| 24:07 | Create | Villager (Male) |
| 24:26 | Create | Villager (Male) |
| 24:27 | Create | Villager (Male) |
| 24:40 | Build | Castle |
| 24:46 | Create | Villager (Male) |
| 24:49 | Research | Bow Saw |
| 24:50 | Research | Stone Mining |
| 24:51 | Research | Stone Mining |
| 25:08 | Create | Skirmisher |
| 25:08 | Create | Skirmisher |
| 25:08 | Create | Skirmisher |
| 25:22 | Create | Skirmisher |
| 25:22 | Create | Skirmisher |
| 25:30 | Create | Villager (Male) |
| 25:30 | Create | Villager (Male) |
| 26:28 | Create | Rattan Archer |
| 26:28 | Create | Rattan Archer |
| 26:36 | Build | Siege Workshop |
| 26:40 | Create | Villager (Male) |
| 26:40 | Create | Villager (Male) |
| 26:40 | Create | Villager (Male) |
| 27:02 | Create | Rattan Archer |
| 27:02 | Create | Rattan Archer |
| 27:18 | Create | Fishing Ship |
| 27:19 | Create | Fishing Ship |
| 27:22 | Create | Mangonel |
| 27:22 | Create | Mangonel |
| 27:33 | Create | Skirmisher |
| 27:34 | Create | Skirmisher |
| 27:34 | Create | Archer |
| 27:35 | Create | Archer |
| 27:44 | Build | House |
| 27:45 | Build | House |
| 28:19 | Research | Thumb Ring |
| 28:20 | Create | Skirmisher |
| 28:20 | Create | Archer |
| 28:24 | Create | Villager (Male) |
| 28:24 | Create | Villager (Male) |
Build order — DSLG | Maxteel97
First 150 of 353 actions detected
| 0:20 | Build | Town Center |
| 2:19 | Build | House |
| 2:48 | Create | Villager (Male) |
| 2:57 | Create | Villager (Male) |
| 2:58 | Create | Villager (Male) |
| 2:58 | Create | Villager (Male) |
| 3:22 | Build | House |
| 3:25 | Research | Loom |
| 3:43 | Create | Villager (Male) |
| 3:44 | Create | Villager (Male) |
| 4:03 | Build | Dock |
| 4:50 | Create | Villager (Male) |
| 4:50 | Create | Villager (Male) |
| 5:41 | Create | Villager (Male) |
| 5:55 | Build | House |
| 6:25 | Create | Fishing Ship |
| 6:33 | Create | Villager (Male) |
| 6:33 | Create | Villager (Male) |
| 7:24 | Create | Villager (Male) |
| 7:25 | Create | Fishing Ship |
| 7:41 | Build | House |
| 7:47 | Create | Villager (Male) |
| 7:47 | Create | Villager (Male) |
| 7:55 | Build | House |
| 8:42 | Create | Villager (Male) |
| 8:44 | Create | Fishing Ship |
| 9:13 | Create | Villager (Male) |
| 9:18 | Create | Fishing Ship |
| 9:49 | Create | Villager (Male) |
| 9:59 | Create | Villager (Male) |
| 10:11 | Create | Fishing Ship |
| 10:20 | Build | Mining Camp |
| 10:25 | Create | Villager (Male) |
| 10:52 | Create | Fishing Ship |
| 11:01 | Build | House |
| 11:38 | Build | House |
| 11:44 | Research | Feudal Age |
| 12:14 | Create | Villager (Male) |
| 12:43 | Create | Fishing Ship |
| 13:08 | Build | Mill |
| 13:26 | Create | Fishing Ship |
| 13:54 | Age | Feudal Age |
| 14:04 | Create | Villager (Male) |
| 14:21 | Build | Blacksmith |
| 14:23 | Create | Villager (Male) |
| 14:57 | Create | Villager (Male) |
| 15:24 | Build | Market |
| 15:27 | Create | Villager (Male) |
| 15:57 | Research | Castle Age |
| 16:07 | Build | Lumber Camp |
| 16:13 | Build | House |
| 16:35 | Build | Mining Camp |
| 17:25 | Research | Stone Mining |
| 17:49 | Build | Palisade Wall |
| 18:33 | Build | House |
| 18:37 | Age | Castle Age |
| 18:39 | Build | Palisade Wall |
| 18:44 | Create | Villager (Male) |
| 19:10 | Create | Villager (Male) |
| 19:12 | Build | Farm |
| 19:16 | Create | Villager (Male) |
| 19:44 | Create | Villager (Male) |
| 19:56 | Create | Villager (Male) |
| 20:23 | Build | Castle |
| 20:25 | Build | Mining Camp |
| 20:25 | Create | Villager (Male) |
| 20:42 | Create | Villager (Male) |
| 20:51 | Build | Town Center |
| 20:56 | Create | Villager (Male) |
| 21:02 | Research | Double-Bit Axe |
| 21:27 | Build | House |
| 21:29 | Build | Palisade Wall |
| 21:31 | Build | Palisade Wall |
| 21:45 | Create | Conquistador |
| 21:46 | Create | Conquistador |
| 21:46 | Create | Conquistador |
| 21:46 | Create | Conquistador |
| 22:07 | Build | Stone Wall |
| 22:09 | Create | Villager (Male) |
| 22:10 | Create | Villager (Male) |
| 22:10 | Create | Villager (Male) |
| 22:10 | Create | Villager (Male) |
| 22:13 | Create | Conquistador |
| 22:43 | Create | Conquistador |
| 23:06 | Build | House |
| 23:08 | Build | House |
| 23:37 | Create | Conquistador |
| 23:38 | Create | Conquistador |
| 24:51 | Create | Villager (Male) |
| 24:57 | Create | Villager (Male) |
| 25:04 | Build | Town Center |
| 25:11 | Create | Villager (Male) |
| 25:24 | Build | Farm |
| 25:24 | Build | Farm |
| 26:09 | Create | Villager (Male) |
| 26:10 | Create | Villager (Male) |
| 26:10 | Create | Villager (Male) |
| 26:38 | Create | Villager (Male) |
| 26:38 | Create | Villager (Male) |
| 26:38 | Create | Villager (Male) |
| 27:03 | Build | Farm |
| 27:04 | Build | Farm |
| 27:04 | Build | Farm |
| 27:04 | Build | Farm |
| 27:04 | Build | Farm |
| 27:05 | Build | Farm |
| 27:05 | Build | Farm |
| 27:24 | Build | House |
| 27:25 | Create | Villager (Male) |
| 27:26 | Create | Villager (Male) |
| 27:47 | Create | Villager (Male) |
| 27:48 | Create | Villager (Male) |
| 27:48 | Create | Villager (Male) |
| 28:01 | Build | Farm |
| 28:01 | Build | Farm |
| 28:01 | Build | Farm |
| 28:02 | Build | Farm |
| 28:02 | Build | Farm |
| 28:32 | Create | Conquistador |
| 28:32 | Create | Conquistador |
| 28:34 | Create | Villager (Male) |
| 28:40 | Build | Farm |
| 28:45 | Build | Farm |
| 28:45 | Build | Farm |
| 28:58 | Build | Castle |
| 29:11 | Create | Conquistador |
| 29:11 | Create | Conquistador |
| 29:42 | Create | Villager (Male) |
| 29:43 | Create | Villager (Male) |
| 29:43 | Create | Villager (Male) |
| 29:56 | Build | Farm |
| 29:56 | Build | Farm |
| 29:57 | Build | Farm |
| 29:57 | Create | Villager (Male) |
| 30:22 | Build | Farm |
| 30:23 | Build | Farm |
| 30:23 | Build | Farm |
| 30:24 | Build | Farm |
| 30:35 | Create | Villager (Male) |
| 30:35 | Create | Villager (Male) |
| 30:35 | Create | Villager (Male) |
| 30:36 | Create | Villager (Male) |
| 30:43 | Create | Villager (Male) |
| 30:50 | Build | House |
| 30:52 | Build | Farm |
| 30:52 | Create | Villager (Male) |
| 30:53 | Create | Villager (Male) |
| 31:13 | Create | Conquistador |
| 31:13 | Create | Conquistador |
| 31:13 | Create | Conquistador |
Build order — Claudio.aoe2
First 150 of 404 actions detected
| 0:37 | Build | Town Center |
| 0:51 | Build | House |
| 2:31 | Build | Dock |
| 3:30 | Create | Villager (Male) |
| 3:30 | Create | Villager (Male) |
| 3:30 | Create | Villager (Male) |
| 4:15 | Create | Villager (Male) |
| 4:16 | Create | Villager (Male) |
| 4:47 | Research | Loom |
| 5:16 | Build | House |
| 5:26 | Create | Villager (Male) |
| 5:40 | Create | Villager (Male) |
| 6:11 | Create | Fishing Ship |
| 6:25 | Create | Villager (Male) |
| 6:46 | Create | Villager (Male) |
| 6:46 | Create | Villager (Male) |
| 7:14 | Create | Villager (Male) |
| 7:20 | Build | House |
| 7:47 | Create | Villager (Male) |
| 7:47 | Create | Villager (Male) |
| 8:05 | Build | House |
| 8:12 | Create | Villager (Male) |
| 8:13 | Create | Villager (Male) |
| 8:23 | Create | Fishing Ship |
| 8:33 | Build | House |
| 8:34 | Build | Palisade Wall |
| 8:45 | Create | Villager (Male) |
| 8:45 | Create | Villager (Male) |
| 8:50 | Build | Mill |
| 9:29 | Build | House |
| 9:29 | Create | Villager (Male) |
| 9:42 | Create | Villager (Male) |
| 9:56 | Create | Villager (Male) |
| 10:03 | Build | House |
| 10:07 | Build | Palisade Wall |
| 10:11 | Build | House |
| 10:45 | Create | Villager (Male) |
| 11:14 | Build | Mill |
| 11:19 | Create | Villager (Male) |
| 11:44 | Build | House |
| 11:54 | Create | Villager (Male) |
| 12:12 | Build | Palisade Wall |
| 12:16 | Create | Villager (Male) |
| 12:20 | Build | Mill |
| 12:24 | Create | Villager (Male) |
| 12:48 | Create | Villager (Male) |
| 12:58 | Build | Farm |
| 13:01 | Build | Farm |
| 13:04 | Build | Farm |
| 13:11 | Build | Farm |
| 13:13 | Create | Villager (Male) |
| 13:32 | Research | Feudal Age |
| 13:34 | Build | Mining Camp |
| 13:52 | Build | Palisade Wall |
| 14:07 | Create | Villager (Male) |
| 14:30 | Build | Palisade Wall |
| 16:13 | Age | Feudal Age |
| 16:29 | Build | Market |
| 16:32 | Build | Blacksmith |
| 16:33 | Create | Villager (Male) |
| 16:57 | Build | Barracks |
| 17:05 | Build | Palisade Wall |
| 17:07 | Create | Villager (Male) |
| 17:12 | Research | Castle Age |
| 17:21 | Build | Lumber Camp |
| 18:12 | Build | Mining Camp |
| 18:27 | Build | Archery Range |
| 19:08 | Build | Watch Tower |
| 19:19 | Build | House |
| 19:28 | Build | House |
| 19:30 | Build | House |
| 19:34 | Build | House |
| 19:36 | Build | House |
| 19:42 | Build | House |
| 19:45 | Build | House |
| 19:48 | Build | House |
| 19:50 | Build | Palisade Wall |
| 19:52 | Age | Castle Age |
| 19:59 | Build | House |
| 20:01 | Build | House |
| 20:04 | Create | Archer |
| 20:04 | Create | Archer |
| 20:09 | Build | House |
| 20:19 | Build | House |
| 20:26 | Build | House |
| 20:35 | Build | Watch Tower |
| 20:44 | Create | Archer |
| 21:49 | Build | Watch Tower |
| 21:51 | Research | Fletching |
| 21:55 | Build | Farm |
| 21:56 | Build | Farm |
| 21:56 | Build | Farm |
| 21:56 | Build | Farm |
| 21:57 | Build | Farm |
| 21:57 | Build | Farm |
| 21:59 | Create | Villager (Male) |
| 22:21 | Build | Palisade Wall |
| 22:31 | Create | Villager (Male) |
| 22:32 | Create | Villager (Male) |
| 22:42 | Build | House |
| 22:44 | Build | House |
| 22:56 | Build | House |
| 23:02 | Create | Villager (Male) |
| 23:48 | Create | Villager (Male) |
| 23:48 | Create | Villager (Male) |
| 23:49 | Create | Villager (Male) |
| 24:23 | Build | Farm |
| 24:23 | Build | Farm |
| 24:24 | Build | Farm |
| 24:24 | Build | Farm |
| 24:43 | Build | Farm |
| 24:46 | Build | Farm |
| 24:49 | Build | Farm |
| 24:50 | Create | Villager (Male) |
| 24:55 | Build | Farm |
| 24:58 | Build | Farm |
| 24:59 | Create | Villager (Male) |
| 25:00 | Create | Villager (Male) |
| 25:03 | Build | Farm |
| 25:17 | Create | Villager (Male) |
| 25:22 | Build | Farm |
| 25:25 | Create | Villager (Male) |
| 25:34 | Build | Town Center |
| 25:36 | Create | Villager (Male) |
| 25:43 | Create | Villager (Male) |
| 25:46 | Create | Villager (Male) |
| 25:54 | Create | Villager (Male) |
| 26:08 | Research | Crossbowman (upgrade) |
| 26:10 | Create | Villager (Male) |
| 26:16 | Create | Villager (Male) |
| 26:39 | Build | Town Center |
| 26:40 | Create | Villager (Male) |
| 26:58 | Research | Bodkin Arrow |
| 26:59 | Create | Villager (Male) |
| 27:03 | Build | Farm |
| 27:03 | Build | Farm |
| 27:04 | Build | Farm |
| 27:07 | Create | Villager (Male) |
| 27:07 | Create | Villager (Male) |
| 27:16 | Create | Villager (Male) |
| 27:18 | Create | Villager (Male) |
| 27:18 | Create | Villager (Male) |
| 27:39 | Create | Villager (Male) |
| 27:55 | Create | Villager (Male) |
| 28:14 | Create | Villager (Male) |
| 28:15 | Create | Villager (Male) |
| 28:15 | Create | Villager (Male) |
| 28:16 | Create | Villager (Male) |
| 28:16 | Create | Villager (Male) |
| 28:20 | Build | Farm |
Build order — Ux' Conquest
First 150 of 407 actions detected
| 0:04 | Build | Town Center |
| 0:32 | Build | Dock |
| 0:34 | Build | House |
| 2:25 | Create | Villager (Male) |
| 2:28 | Create | Villager (Male) |
| 2:29 | Create | Villager (Male) |
| 2:31 | Create | Villager (Male) |
| 3:34 | Create | Villager (Male) |
| 3:35 | Create | Villager (Male) |
| 4:14 | Build | House |
| 4:21 | Build | House |
| 4:27 | Create | Villager (Male) |
| 4:27 | Create | Villager (Male) |
| 4:55 | Research | Loom |
| 4:58 | Build | House |
| 5:07 | Create | Villager (Male) |
| 5:25 | Create | Fishing Ship |
| 5:25 | Create | Fishing Ship |
| 5:49 | Create | Villager (Male) |
| 5:52 | Create | Fishing Ship |
| 5:53 | Create | Fishing Ship |
| 6:15 | Build | House |
| 6:18 | Create | Villager (Male) |
| 6:18 | Create | Villager (Male) |
| 6:44 | Create | Fishing Ship |
| 6:46 | Create | Villager (Male) |
| 7:10 | Create | Villager (Male) |
| 7:18 | Create | Fishing Ship |
| 7:18 | Create | Fishing Ship |
| 7:25 | Create | Villager (Male) |
| 7:25 | Create | Villager (Male) |
| 7:34 | Create | Villager (Male) |
| 7:51 | Build | House |
| 7:53 | Create | Villager (Male) |
| 8:06 | Create | Villager (Male) |
| 8:27 | Create | Villager (Male) |
| 8:33 | Create | Fishing Ship |
| 8:44 | Create | Villager (Male) |
| 8:44 | Create | Villager (Male) |
| 9:02 | Build | House |
| 9:04 | Create | Fishing Ship |
| 9:33 | Create | Fishing Ship |
| 10:06 | Build | Mill |
| 10:44 | Research | Feudal Age |
| 11:08 | Build | Mining Camp |
| 11:27 | Build | House |
| 11:38 | Create | Fishing Ship |
| 11:41 | Build | House |
| 11:45 | Build | Palisade Wall |
| 12:18 | Build | Lumber Camp |
| 12:36 | Build | Palisade Wall |
| 12:38 | Build | Dock |
| 12:49 | Create | Villager (Male) |
| 12:49 | Create | Villager (Male) |
| 12:54 | Age | Feudal Age |
| 13:20 | Create | Villager (Male) |
| 13:42 | Build | Market |
| 13:46 | Create | Villager (Male) |
| 14:12 | Build | Blacksmith |
| 14:21 | Create | Villager (Male) |
| 15:06 | Research | Castle Age |
| 15:27 | Build | House |
| 15:40 | Research | Double-Bit Axe |
| 15:59 | Build | Palisade Wall |
| 16:07 | Create | Villager (Male) |
| 16:25 | Create | Villager (Male) |
| 16:59 | Build | Gate |
| 17:02 | Create | Villager (Male) |
| 17:42 | Build | Palisade Wall |
| 17:46 | Age | Castle Age |
| 18:00 | Build | Castle |
| 18:23 | Build | Lumber Camp |
| 18:27 | Create | Villager (Male) |
| 18:41 | Research | Padded Archer Armor |
| 18:52 | Create | Villager (Male) |
| 18:56 | Create | Ratha (Ranged) |
| 18:56 | Create | Ratha (Ranged) |
| 18:56 | Create | Ratha (Ranged) |
| 19:18 | Build | House |
| 19:25 | Research | Leather Archer Armor |
| 19:30 | Create | Villager (Male) |
| 19:34 | Build | House |
| 19:35 | Build | Palisade Wall |
| 19:37 | Create | Ratha (Ranged) |
| 19:46 | Create | Villager (Male) |
| 19:51 | Research | Fletching |
| 19:54 | Create | Villager (Male) |
| 20:16 | Create | Ratha (Ranged) |
| 20:17 | Create | Ratha (Ranged) |
| 20:19 | Create | Villager (Male) |
| 20:25 | Build | Barracks |
| 20:29 | Create | Villager (Male) |
| 20:30 | Create | Ratha (Ranged) |
| 20:46 | Build | House |
| 20:49 | Create | Ratha (Ranged) |
| 20:51 | Create | Villager (Male) |
| 20:55 | Research | Bodkin Arrow |
| 21:01 | Create | Villager (Male) |
| 21:19 | Create | Ratha (Ranged) |
| 21:20 | Create | Villager (Male) |
| 21:26 | Build | Stable |
| 21:36 | Build | Stone Wall |
| 21:38 | Create | Villager (Male) |
| 21:49 | Build | Town Center |
| 21:54 | Create | Ratha (Ranged) |
| 22:09 | Build | Siege Workshop |
| 22:19 | Build | Stone Wall |
| 22:23 | Research | Bloodlines |
| 22:24 | Create | Villager (Male) |
| 22:40 | Create | Fishing Ship |
| 22:40 | Create | Fishing Ship |
| 22:46 | Create | Ratha (Ranged) |
| 22:47 | Create | Villager (Male) |
| 22:58 | Build | Stone Wall |
| 23:02 | Create | Ratha (Ranged) |
| 23:02 | Create | Ratha (Ranged) |
| 23:13 | Create | Fishing Ship |
| 23:13 | Create | Fishing Ship |
| 23:14 | Create | Fishing Ship |
| 23:22 | Create | Villager (Male) |
| 23:23 | Create | Villager (Male) |
| 23:25 | Create | Villager (Male) |
| 23:55 | Create | Mangonel |
| 23:56 | Create | Mangonel |
| 24:10 | Create | Villager (Male) |
| 24:18 | Create | Villager (Male) |
| 24:44 | Research | Wheelbarrow |
| 25:11 | Build | Farm |
| 25:11 | Build | Farm |
| 25:11 | Build | Farm |
| 25:11 | Build | Farm |
| 25:12 | Build | Farm |
| 25:12 | Build | Farm |
| 25:12 | Build | Farm |
| 25:13 | Create | Villager (Male) |
| 25:32 | Create | Villager (Male) |
| 25:33 | Create | Villager (Male) |
| 25:34 | Build | House |
| 25:38 | Build | House |
| 25:38 | Create | Villager (Male) |
| 25:39 | Create | Villager (Male) |
| 25:46 | Build | Town Center |
| 25:49 | Create | Villager (Male) |
| 26:01 | Create | Villager (Male) |
| 26:13 | Create | Mangonel |
| 26:28 | Create | Villager (Male) |
| 26:32 | Build | Gate |
| 26:39 | Build | House |
| 26:42 | Build | Dock |
| 26:45 | Create | Villager (Male) |
Build order — SMNT - TavoAoe
First 150 of 295 actions detected
| 0:31 | Build | Town Center |
| 2:02 | Build | House |
| 2:11 | Build | Dock |
| 2:46 | Create | Villager (Male) |
| 2:46 | Create | Villager (Male) |
| 2:46 | Create | Villager (Male) |
| 2:46 | Create | Villager (Male) |
| 4:10 | Create | Villager (Male) |
| 4:10 | Create | Villager (Male) |
| 4:32 | Create | Fishing Ship |
| 4:44 | Research | Loom |
| 4:50 | Create | Villager (Male) |
| 4:50 | Create | Villager (Male) |
| 5:00 | Build | House |
| 5:28 | Create | Villager (Male) |
| 5:28 | Create | Villager (Male) |
| 5:53 | Create | Villager (Male) |
| 5:56 | Create | Fishing Ship |
| 5:57 | Create | Fishing Ship |
| 6:25 | Create | Villager (Male) |
| 6:25 | Create | Villager (Male) |
| 6:31 | Build | House |
| 6:39 | Create | Villager (Male) |
| 6:40 | Create | Villager (Male) |
| 6:50 | Create | Fishing Ship |
| 7:16 | Create | Villager (Male) |
| 7:34 | Create | Fishing Ship |
| 7:34 | Create | Fishing Ship |
| 7:35 | Create | Villager (Male) |
| 7:35 | Create | Villager (Male) |
| 7:54 | Create | Villager (Male) |
| 7:55 | Create | Villager (Male) |
| 8:31 | Build | Mill |
| 8:34 | Create | Villager (Male) |
| 8:34 | Create | Villager (Male) |
| 8:46 | Build | House |
| 8:51 | Build | House |
| 9:02 | Create | Villager (Male) |
| 9:28 | Create | Villager (Male) |
| 9:37 | Create | Villager (Male) |
| 9:45 | Create | Fishing Ship |
| 9:45 | Create | Fishing Ship |
| 10:02 | Create | Villager (Male) |
| 10:04 | Create | Fishing Ship |
| 10:04 | Create | Fishing Ship |
| 10:29 | Build | House |
| 10:50 | Build | Mining Camp |
| 11:06 | Research | Feudal Age |
| 11:09 | Build | House |
| 11:41 | Build | House |
| 11:44 | Build | Palisade Wall |
| 12:41 | Build | Palisade Gate |
| 13:16 | Age | Feudal Age |
| 13:17 | Build | Palisade Wall |
| 13:23 | Create | Villager (Male) |
| 13:23 | Create | Villager (Male) |
| 13:46 | Build | Market |
| 13:46 | Create | Villager (Male) |
| 13:46 | Create | Villager (Male) |
| 13:57 | Build | Palisade Wall |
| 14:01 | Create | Villager (Male) |
| 14:01 | Create | Villager (Male) |
| 14:14 | Build | Palisade Wall |
| 14:57 | Build | Watch Tower |
| 15:11 | Create | Villager (Male) |
| 15:11 | Create | Villager (Male) |
| 15:46 | Build | Blacksmith |
| 16:02 | Build | Watch Tower |
| 16:05 | Create | Villager (Male) |
| 16:10 | Build | House |
| 16:56 | Research | Castle Age |
| 17:26 | Build | House |
| 17:29 | Build | Palisade Wall |
| 17:54 | Create | Fishing Ship |
| 17:54 | Create | Fishing Ship |
| 18:02 | Build | Lumber Camp |
| 18:40 | Research | Fletching |
| 18:45 | Research | Padded Archer Armor |
| 19:29 | Research | Double-Bit Axe |
| 19:36 | Age | Castle Age |
| 19:43 | Create | Villager (Male) |
| 19:43 | Create | Villager (Male) |
| 20:34 | Build | Castle |
| 20:37 | Create | Villager (Male) |
| 20:43 | Build | Farm |
| 20:44 | Build | Farm |
| 20:44 | Build | Farm |
| 20:44 | Build | Farm |
| 20:50 | Create | Villager (Male) |
| 21:07 | Build | Barracks |
| 21:37 | Create | Conquistador |
| 21:38 | Create | Conquistador |
| 21:38 | Create | Conquistador |
| 21:38 | Create | Conquistador |
| 21:38 | Create | Conquistador |
| 21:39 | Create | Conquistador |
| 21:39 | Create | Conquistador |
| 21:39 | Create | Conquistador |
| 21:45 | Create | Villager (Male) |
| 21:45 | Create | Villager (Male) |
| 21:45 | Create | Villager (Male) |
| 21:59 | Build | Stable |
| 22:21 | Create | Conquistador |
| 22:22 | Create | Conquistador |
| 22:23 | Create | Villager (Male) |
| 22:26 | Build | Farm |
| 22:37 | Create | Villager (Male) |
| 22:47 | Build | Farm |
| 22:50 | Build | Farm |
| 23:32 | Research | Bloodlines |
| 23:34 | Create | Conquistador |
| 23:34 | Create | Conquistador |
| 23:42 | Build | Farm |
| 23:45 | Build | Farm |
| 23:49 | Build | Farm |
| 23:53 | Build | Farm |
| 23:56 | Build | Farm |
| 24:04 | Create | Conquistador |
| 24:04 | Create | Conquistador |
| 24:16 | Create | Villager (Male) |
| 24:19 | Build | Farm |
| 24:30 | Create | Villager (Male) |
| 24:34 | Build | Farm |
| 24:37 | Build | Farm |
| 24:41 | Create | Villager (Male) |
| 25:06 | Create | Conquistador |
| 25:07 | Create | Conquistador |
| 25:07 | Create | Conquistador |
| 25:07 | Create | Conquistador |
| 25:13 | Build | Farm |
| 25:14 | Build | Farm |
| 25:35 | Create | Villager (Male) |
| 25:40 | Create | Villager (Male) |
| 25:52 | Create | Conquistador |
| 25:52 | Create | Conquistador |
| 25:52 | Create | Conquistador |
| 26:12 | Create | Villager (Male) |
| 26:14 | Create | Conquistador |
| 26:15 | Create | Conquistador |
| 26:23 | Build | Siege Workshop |
| 26:29 | Create | Villager (Male) |
| 26:30 | Create | Villager (Male) |
| 26:36 | Build | Farm |
| 26:50 | Build | House |
| 26:51 | Build | House |
| 26:54 | Create | Villager (Male) |
| 26:54 | Create | Villager (Male) |
| 27:31 | Create | Villager (Male) |
| 27:31 | Create | Villager (Male) |
| 27:49 | Create | Villager (Male) |
Build order — DSLG | antuancesar6
First 150 of 179 actions detected
| 1:23 | Build | Town Center |
| 3:27 | Build | House |
| 3:31 | Build | House |
| 3:35 | Create | Villager (Male) |
| 3:36 | Create | Villager (Male) |
| 3:36 | Create | Villager (Male) |
| 3:36 | Create | Villager (Male) |
| 3:36 | Create | Villager (Male) |
| 4:57 | Create | Villager (Male) |
| 4:57 | Create | Villager (Male) |
| 6:11 | Build | Dock |
| 6:23 | Create | Villager (Male) |
| 6:24 | Create | Villager (Male) |
| 6:24 | Create | Villager (Male) |
| 7:17 | Create | Villager (Male) |
| 7:17 | Create | Villager (Male) |
| 7:18 | Create | Villager (Male) |
| 7:18 | Create | Villager (Male) |
| 7:57 | Create | Villager (Male) |
| 7:57 | Create | Villager (Male) |
| 8:03 | Create | Fishing Ship |
| 8:03 | Create | Fishing Ship |
| 8:41 | Create | Villager (Male) |
| 8:41 | Create | Villager (Male) |
| 8:42 | Create | Villager (Male) |
| 8:42 | Create | Villager (Male) |
| 8:54 | Create | Fishing Ship |
| 8:54 | Create | Fishing Ship |
| 9:05 | Build | House |
| 9:49 | Build | Palisade Wall |
| 10:36 | Build | House |
| 10:52 | Build | House |
| 11:33 | Create | Villager (Male) |
| 11:34 | Create | Villager (Male) |
| 11:34 | Create | Villager (Male) |
| 11:38 | Create | Fishing Ship |
| 11:38 | Create | Fishing Ship |
| 11:39 | Create | Fishing Ship |
| 11:39 | Create | Fishing Ship |
| 11:58 | Create | Villager (Male) |
| 11:59 | Create | Villager (Male) |
| 12:18 | Build | Mining Camp |
| 12:31 | Build | House |
| 12:34 | Build | House |
| 13:44 | Research | Feudal Age |
| 14:09 | Create | Villager (Male) |
| 14:09 | Create | Villager (Male) |
| 14:42 | Build | Barracks |
| 15:59 | Create | Villager (Male) |
| 16:00 | Create | Villager (Male) |
| 16:00 | Create | Villager (Male) |
| 16:00 | Create | Villager (Male) |
| 16:02 | Create | Fishing Ship |
| 16:03 | Create | Fishing Ship |
| 16:03 | Create | Fishing Ship |
| 16:07 | Age | Feudal Age |
| 16:25 | Create | Villager (Male) |
| 16:25 | Create | Villager (Male) |
| 16:26 | Create | Villager (Male) |
| 16:27 | Create | Villager (Male) |
| 16:47 | Build | Gate |
| 17:50 | Build | Watch Tower |
| 18:12 | Build | Archery Range |
| 18:21 | Build | House |
| 18:23 | Build | House |
| 18:23 | Build | House |
| 18:24 | Build | House |
| 18:25 | Build | House |
| 18:25 | Build | House |
| 20:25 | Build | Watch Tower |
| 20:54 | Build | Watch Tower |
| 21:39 | Create | Villager (Male) |
| 21:39 | Create | Villager (Male) |
| 21:40 | Create | Villager (Male) |
| 21:40 | Create | Villager (Male) |
| 21:45 | Build | Lumber Camp |
| 21:54 | Build | House |
| 21:57 | Build | House |
| 21:59 | Build | House |
| 23:29 | Build | Dock |
| 23:47 | Build | Blacksmith |
| 23:58 | Build | Mill |
| 24:04 | Create | Villager (Male) |
| 24:05 | Create | Villager (Male) |
| 24:05 | Create | Villager (Male) |
| 24:12 | Build | Lumber Camp |
| 24:34 | Create | Fishing Ship |
| 24:35 | Create | Fishing Ship |
| 24:37 | Create | Fishing Ship |
| 25:30 | Build | Mining Camp |
| 25:37 | Create | Villager (Male) |
| 25:37 | Create | Villager (Male) |
| 25:53 | Create | Villager (Male) |
| 25:53 | Create | Villager (Male) |
| 25:59 | Research | Loom |
| 26:04 | Research | Loom |
| 26:04 | Create | Villager (Male) |
| 26:05 | Create | Villager (Male) |
| 26:05 | Create | Villager (Male) |
| 27:22 | Build | Market |
| 27:28 | Create | Villager (Male) |
| 27:28 | Create | Villager (Male) |
| 27:29 | Create | Villager (Male) |
| 27:45 | Build | Watch Tower |
| 28:16 | Create | Militia |
| 29:33 | Create | Villager (Male) |
| 29:34 | Create | Villager (Male) |
| 29:34 | Create | Villager (Male) |
| 29:34 | Create | Villager (Male) |
| 29:35 | Create | Villager (Male) |
| 29:35 | Create | Villager (Male) |
| 29:35 | Create | Villager (Male) |
| 29:35 | Create | Villager (Male) |
| 29:52 | Research | Castle Age |
| 30:19 | Research | Double-Bit Axe |
| 32:08 | Build | Dock |
| 32:46 | Age | Castle Age |
| 32:51 | Research | Thumb Ring |
| 32:57 | Research | Fletching |
| 32:59 | Research | Padded Archer Armor |
| 33:27 | Build | Castle |
| 33:48 | Build | House |
| 33:53 | Build | Palisade Wall |
| 34:10 | Research | Scale Mail Armor |
| 34:11 | Research | Forging |
| 35:00 | Create | Villager (Male) |
| 35:01 | Create | Villager (Male) |
| 35:01 | Create | Villager (Male) |
| 35:01 | Create | Villager (Male) |
| 35:02 | Create | Villager (Male) |
| 35:03 | Create | Villager (Male) |
| 35:04 | Research | Gold Mining |
| 35:24 | Create | Samurai |
| 35:24 | Create | Samurai |
| 35:24 | Create | Samurai |
| 35:24 | Create | Samurai |
| 35:25 | Create | Samurai |
| 35:25 | Create | Samurai |
| 35:25 | Create | Samurai |
| 36:43 | Create | Samurai |
| 36:43 | Create | Samurai |
| 36:43 | Create | Samurai |
| 36:44 | Create | Samurai |
| 36:44 | Create | Samurai |
| 36:44 | Create | Samurai |
| 36:44 | Create | Samurai |
| 37:05 | Build | Siege Workshop |
| 37:09 | Build | Mining Camp |
| 37:13 | Create | Villager (Male) |
| 37:13 | Create | Villager (Male) |
Match timeline
| 0:32 | Ux' Conquest · first_building Dock |
| 1:18 | SMNT - KMUS · first_building Dock |
| 1:39 | DSLG | PacoJaramilloH · first_building Dock |
| 2:11 | SMNT - TavoAoe · first_building Dock |
| 2:31 | Claudio.aoe2 · first_building Dock |
| 4:03 | DSLG | Maxteel97 · first_building Dock |
| 6:11 | DSLG | antuancesar6 · first_building Dock |
| 8:34 | Claudio.aoe2 · wall_segment Palisade Wall x5 |
| 9:04 | DSLG | PacoJaramilloH · wall_segment Palisade Wall x1 |
| 9:49 | DSLG | PacoJaramilloH · wall_segment Palisade Wall x1 |
| 9:49 | DSLG | antuancesar6 · wall_segment Palisade Wall x10 |
| 9:50 | DSLG | PacoJaramilloH · wall_segment Palisade Wall x1 |
| 9:52 | DSLG | PacoJaramilloH · wall_segment Palisade Wall x1 |
| 10:07 | Claudio.aoe2 · wall_segment Palisade Wall x8 |
| 11:44 | SMNT - TavoAoe · wall_segment Palisade Wall x4 |
| 11:45 | Ux' Conquest · wall_segment Palisade Wall x9 |
| 12:12 | Claudio.aoe2 · wall_segment Palisade Wall x10 |
| 12:23 | DSLG | PacoJaramilloH · first_building Barracks |
| 12:36 | Ux' Conquest · wall_segment Palisade Wall x1 |
| 12:54 | Ux' Conquest · age_up feudal |
| 13:10 | SMNT - KMUS · first_building Barracks |
| 13:16 | SMNT - TavoAoe · age_up feudal |
| 13:17 | SMNT - TavoAoe · wall_segment Palisade Wall x5 |
| 13:19 | Valenp34 · wall_segment Palisade Wall x2 |
| 13:21 | Valenp34 · wall_segment Palisade Wall x7 |
| 13:52 | Claudio.aoe2 · wall_segment Palisade Wall x8 |
| 13:53 | DSLG | PacoJaramilloH · age_up feudal |
| 13:54 | DSLG | Maxteel97 · age_up feudal |
| 13:55 | DSLG | PacoJaramilloH · first_building Archery Range |
| 13:57 | SMNT - TavoAoe · wall_segment Palisade Wall x3 |
| 14:14 | SMNT - TavoAoe · wall_segment Palisade Wall x2 |
| 14:30 | Claudio.aoe2 · wall_segment Palisade Wall x9 |
| 14:32 | SMNT - KMUS · age_up feudal |
| 14:39 | SMNT - KMUS · first_building Archery Range |
| 14:42 | DSLG | antuancesar6 · first_building Barracks |
| 15:05 | Valenp34 · first_market_sell 100 stone |
| 15:59 | Ux' Conquest · wall_segment Palisade Wall x4 |
| 16:07 | DSLG | antuancesar6 · age_up feudal |
| 16:13 | Claudio.aoe2 · age_up feudal |
| 16:42 | SMNT - TavoAoe · first_market_buy 100 food |
| 16:57 | Claudio.aoe2 · first_building Barracks |
| 17:05 | Claudio.aoe2 · wall_segment Palisade Wall x8 |
| 17:29 | SMNT - TavoAoe · wall_segment Palisade Wall x7 |
| 17:42 | Ux' Conquest · wall_segment Palisade Wall x8 |
| 17:46 | Ux' Conquest · age_up castle |
| 17:49 | DSLG | Maxteel97 · wall_segment Palisade Wall x16 |
| 18:00 | Ux' Conquest · first_building Castle |
| 18:12 | DSLG | antuancesar6 · first_building Archery Range |
| 18:22 | SMNT - KMUS · first_market_sell 100 wood |
| 18:24 | SMNT - KMUS · first_market_buy 100 food |
| 18:24 | Claudio.aoe2 · first_market_sell 100 food |
| 18:25 | Claudio.aoe2 · first_market_buy 100 wood |
| 18:27 | Valenp34 · first_building Castle |
| 18:27 | Claudio.aoe2 · first_building Archery Range |
| 18:37 | DSLG | Maxteel97 · age_up castle |
| 18:39 | DSLG | Maxteel97 · wall_segment Palisade Wall x12 |
| 19:08 | DSLG | PacoJaramilloH · wall_segment Palisade Wall x6 |
| 19:35 | Ux' Conquest · wall_segment Palisade Wall x1 |
| 19:35 | DSLG | PacoJaramilloH · first_market_sell 100 food |
| 19:36 | SMNT - TavoAoe · age_up castle |
| 19:50 | Claudio.aoe2 · wall_segment Palisade Wall x1 |
| 19:52 | Claudio.aoe2 · age_up castle |
| 20:23 | DSLG | Maxteel97 · first_building Castle |
| 20:25 | Ux' Conquest · first_building Barracks |
| 20:34 | SMNT - TavoAoe · first_building Castle |
| 20:38 | DSLG | Maxteel97 · first_market_sell 100 wood |
| 20:40 | DSLG | Maxteel97 · first_market_buy 100 stone |
| 21:00 | DSLG | PacoJaramilloH · first_market_buy 100 stone |
| 21:07 | SMNT - TavoAoe · first_building Barracks |
| 21:23 | SMNT - KMUS · age_up castle |
| 21:26 | Ux' Conquest · first_building Stable |
| 21:29 | DSLG | Maxteel97 · wall_segment Palisade Wall x2 |
| 21:31 | DSLG | Maxteel97 · wall_segment Palisade Wall x1 |
| 21:36 | Ux' Conquest · wall_segment Stone Wall x5 |
| 21:59 | SMNT - TavoAoe · first_building Stable |
| 22:07 | DSLG | Maxteel97 · wall_segment Stone Wall x15 |
| 22:09 | Ux' Conquest · first_building Siege Workshop |
| 22:19 | Ux' Conquest · wall_segment Stone Wall x10 |
| 22:21 | Claudio.aoe2 · wall_segment Palisade Wall x1 |
| 22:23 | DSLG | PacoJaramilloH · age_up castle |
| 22:32 | DSLG | PacoJaramilloH · first_building Castle |
| 22:58 | Ux' Conquest · wall_segment Stone Wall x9 |
| 24:15 | Valenp34 · first_building Barracks |
| 24:40 | SMNT - KMUS · first_building Castle |
| 26:06 | Valenp34 · first_building Stable |
| 26:23 | SMNT - TavoAoe · first_building Siege Workshop |
| 26:36 | SMNT - KMUS · first_building Siege Workshop |
| 29:49 | DSLG | antuancesar6 · first_market_sell 100 wood |
| 30:23 | Ux' Conquest · wall_segment Stone Wall x1 |
| 30:28 | Ux' Conquest · wall_segment Stone Wall x1 |
| 30:35 | Claudio.aoe2 · first_building Siege Workshop |
| 31:36 | Ux' Conquest · first_market_sell 100 food |
| 32:08 | SMNT - TavoAoe · first_building Archery Range |
| 32:35 | DSLG | Maxteel97 · wall_segment Stone Wall x11 |
| 32:46 | DSLG | antuancesar6 · age_up castle |
| 33:08 | Ux' Conquest · first_market_buy 100 wood |
| 33:20 | DSLG | Maxteel97 · first_building Barracks |
| 33:25 | SMNT - KMUS · age_up imperial |
| 33:27 | DSLG | antuancesar6 · first_building Castle |
| 33:50 | Valenp34 · first_market_buy 100 food |
| 33:53 | DSLG | antuancesar6 · wall_segment Palisade Wall x1 |
| 34:09 | DSLG | Maxteel97 · first_building Stable |
| 34:13 | Valenp34 · wall_segment Palisade Wall x1 |
| 34:16 | Valenp34 · wall_segment Palisade Wall x1 |
| 34:18 | Valenp34 · wall_segment Palisade Wall x1 |
| 34:49 | Ux' Conquest · age_up imperial |
| 35:00 | DSLG | PacoJaramilloH · first_building Stable |
| 35:30 | DSLG | Maxteel97 · wall_segment Stone Wall x8 |
| 36:23 | SMNT - TavoAoe · first_market_sell 100 wood |
| 37:05 | DSLG | antuancesar6 · first_building Siege Workshop |
| 39:15 | DSLG | PacoJaramilloH · first_building Monastery |
| 39:38 | Claudio.aoe2 · first_building Castle |
| 40:27 | SMNT - TavoAoe · age_up imperial |
| 40:28 | DSLG | Maxteel97 · age_up imperial |
| 40:55 | Claudio.aoe2 · age_up imperial |
| 44:02 | DSLG | PacoJaramilloH · age_up imperial |
| 45:40 | Valenp34 · first_building Archery Range |
| 46:01 | SMNT - TavoAoe · resign |
[ AI ANALYSIS · 1 CREDIT ]
What really happened in this match?
Wolo.gg analyzes every decision: build order, eco, micro, common mistakes by bracket. Personalized analysis on WhatsApp or Discord in 30 seconds.
Civ guide
Magyars
Map guide
Nomad
Perfil
Valenp34